 Dungeon Crawl Stone Soup version 0.18-a0-1211-g828307d (webtiles) character file.

16676 Gagarin the Basher (level 12, -3/110 HPs)
             Began as a Minotaur Monk on Feb 2, 2016.
             Was a High Priest of Okawaru.
             Killed from afar by a frost giant (15 damage)
             ... with a bolt of cold
             ... in an ice cave.
             The game lasted 00:52:33 (9365 turns).

Gagarin the Basher (Minotaur Monk)                  Turns: 9365, Time: 00:52:33

Health: -3/110     AC: 15    Str: 19    XL:     12   Next: 12%
Magic:  11/12      EV: 19    Int:  8    God:    Okawaru [*****.]
Gold:   462        SH: 18    Dex: 14    Spells: 0 memorised, 11 levels left

rFire  + . .     SeeInvis .     B - +4 flail (protect)
rCold  + . .     Gourm    .     f - +0 leather armour
rNeg   . . .     Faith    .     J - +0 large shield
rPois  .         Spirit   .     (helmet restricted)
rElec  .         Dismiss  .     A - +1 cloak
rCorr  .         Reflect  .     T - +0 pair of gloves
SustAt .         Harm     .     y - +0 pair of boots
MR     .....                    x - amulet of regeneration
Stlth  ++++......               R - ring of protection from cold
                                h - ring of protection from fire

@: heroism, not resistant to hostile enchantments, stealthy
A: retaliatory headbutt, horns 2
a: Heroism, Finesse, Renounce Religion


You were in an ice cave.
You worshipped Okawaru.
Okawaru was extremely pleased with you.
You were not hungry.

You visited 3 branches of the dungeon, and saw 11 of its levels.
You also visited: Sewer and Ice Cave.

You collected 599 gold pieces.
You spent 137 gold pieces at shops.

Inventory:

Hand Weapons
 w - the +1 hunting sling of the Forgotten Lives {speed, rC+ Dex+3, unknown}
   (Okawaru gifted it to you in an ice cave)

   Attacks with this weapon are significantly faster.
   It affects your dexterity (+3).
   It protects you from cold.
 B - a +4 flail of protection (weapon)
 E - a +0 longbow
 L - a +1 hand axe of flaming
 W - a +1 dire flail of protection
Missiles
 u - 19 arrows of dispersal
 O - 15 arrows of flame
Armour
 f - a +0 leather armour (worn)
 m - a +0 chain mail of fire resistance
 y - a +0 pair of boots (worn)
 A - a +1 cloak (worn)
 J - a +0 large shield (worn)
 T - a +0 pair of gloves (worn)
Jewellery
 h - a ring of protection from fire (left hand)
 x - an amulet of regeneration (around neck)
 R - a ring of protection from cold (right hand)
 V - an uncursed amulet of faith
Wands
 a - a wand of slowing (20/48)
 p - a wand of acid (6/15)
 r - a wand of polymorph (13/24)
 v - a wand of acid (2/15)
 K - a wand of flame (19/48)
 U - a wand of iceblast (8/15)
Scrolls
 c - 2 scrolls of amnesia {unknown}
 d - 5 scrolls of fear
 g - a scroll of recharging {unknown}
 j - 3 scrolls of enchant weapon
 o - 4 scrolls of magic mapping {unknown}
 q - a scroll of random uselessness {unknown}
 s - 7 scrolls of teleportation
 C - 6 scrolls of remove curse
 D - 2 scrolls of noise {unknown}
 H - 3 scrolls of enchant armour
 M - 2 scrolls of identify
Potions
 e - a potion of beneficial mutation {unknown}
 l - a potion of poison {unknown}
 n - a potion of resistance {unknown}
 t - 2 potions of haste {unknown}
 Y - a potion of curing {unknown}
Miscellaneous
 Z - a lantern of shadows
Comestibles
 b - 9 bread rations
 i - 5 chunks of flesh
 k - 2 meat rations


   Skills:
 + Level 11.0(16.0) Fighting
 + Level 12.2(17.2) Maces & Flails
 + Level 1.2(6.2) Bows
 + Level 6.1(11.1) Armour
 + Level 11.8(16.8) Dodging
 + Level 5.4(10.4) Stealth
 + Level 6.2(11.2) Shields
 + Level 5.0(10.0) Unarmed Combat
 + Level 2.4 Invocations
 + Level 0.3 Evocations


You had 11 spell levels left.
You didn't know any spells.

Dungeon Overview and Level Annotations

Branches:
Dungeon (9/15)             Temple (1/1) D:4            Lair (1/8) D:8
    Orc: D:9-12

Altars:
Ashenzari
Cheibriados
Dithmenos
Elyvilon
Fedhas
Gozag
Kikubaaqudgha
Makhleb
Nemelex Xobeh
Okawaru
Pakellas
Qazlal
Ru
Sif Muna
Trog
Vehumet
Xom
Yredelemnul
Zin
The Shining One

Shops:
D:7 ?:


Innate Abilities, Weirdness & Mutations

You reflexively headbutt those who attack you in melee.
You have a pair of horns on your head.


Message History

The frost giant is moderately wounded.
The frost giant hits you with a battleaxe of freezing!!
The frost giant freezes you.
You hear an angry growl.
You hear a bellow!
You hit the frost giant but do no damage.
You headbutt the frost giant, but do no damage.
The frost giant is moderately wounded.
You sock the frost giant!
You headbutt the frost giant, but do no damage.
The frost giant is heavily wounded.
You hear an angry growl.
The frost giant hits you with a battleaxe of freezing!!
* * * LOW HITPOINT WARNING * * *
The frost giant freezes you.
* * * LOW HITPOINT WARNING * * *
You hear an angry growl.
You hear an angry growl.
The frost giant casts a spell at you. The bolt of cold hits you! You resist.
You die...

## ### #.##
##.## ####.Y.#
#.#.##
#.#h..Y#$:
##.#.##
##.#..hh..#
####.# ##.#.h#
#..# #C##.##
##..##
##.#####
#....##
##@#..##
##.....#
#..#...#
#...#..##
#...##.##
##..###..#
#.⌠###..#
#..##
##.####..###.#
#.## #..#
#####..# #.##
#..## ##...###
##.# ##..#
#...#..# ##=#
##.# #...#.##


You could see a frost giant.

Vanquished Creatures
  A death yak (IceCv)
  The ghost of Voda the Covert, a novice OpAs of Ru (Lair:1)
  The ghost of Gagarin the Thaumaturge, a novice HEAE of Vehumet (Lair:1)
  An ice statue (IceCv)
  Maurice (D:8)
  A centaur zombie (D:6)
  Joseph (D:7)
  A spiny frog (Lair:1)
  The ghost of Uberwunderbarhen the Ducker, a novice OpBe of Trog (D:5)
  12 polar bears (IceCv)
  Grinder (D:4)
  A two-headed ogre (D:8)
  Sigmund (D:4)
  A human (D:8)
  24 yaks
  14 wolves (IceCv)
  A water moccasin (D:6)
  2 porcupines (Lair:1)
  A sky beast (D:9)
  3 orc warriors
  11 ice beasts
  5 ogres
  A phantom (D:4)
  3 centaurs
  5 big kobolds
  3 giant frogs
  A gnoll sergeant (D:9)
  3 scorpions
  6 killer bees (D:5)
  3 wights (D:8)
  3 crimson imps
  2 giant frog zombies
  3 jellies (D:6)
  2 hounds
  A centaur skeleton (D:9)
  2 orc priests
  4 orc wizards
  Crazy Yiuf (D:5)
  5 iguanas
  6 worker ants
  A hound skeleton (D:8)
  15 gnolls
  12 adders
  A river rat (Sewer)
  3 oozes
  2 adder skeletons
  3 worms
  7 giant geckos
  36 orcs
  4 ball pythons
  2 giant cockroaches
  12 goblins
  8 hobgoblins
  8 jackals
  A sheep (D:6)
  6 bats
  A giant gecko zombie (D:5)
  A giant newt (D:2)
  27 kobolds
  A quokka zombie (D:8)
  12 rats
  A fungus (D:8)
304 creatures vanquished.

Vanquished Creatures (others)
  A wolf spider (D:8)
1 creature vanquished.

Grand Total: 305 creatures vanquished

Notes
Turn   | Place    | Note
--------------------------------------------------------------
     0 | D:1      | Gagarin the Minotaur Monk began the quest for the Orb.
     0 | D:1      | Reached XP level 1. HP: 19/19 MP: 0/0
   592 | D:1      | Reached XP level 2. HP: 27/27 MP: 1/1
  1063 | D:2      | Found an ancient bone altar of Kikubaaqudgha.
  1129 | D:2      | Reached skill level 5 in Unarmed Combat
  1129 | D:2      | Reached XP level 3. HP: 31/33 MP: 2/2
  1389 | D:2      | Reached skill level 1 in Maces & Flails
  1541 | D:3      | Reached XP level 4. HP: 37/40 MP: 3/3
  1711 | D:3      | Found a snail-covered altar of Cheibriados.
  1824 | D:3      | Found a glowing drain.
  1831 | D:3      | Reached skill level 1 in Armour
  1841 | Sewer    | Entered a sewer
  1899 | Sewer    | Noticed a big kobold
  1908 | Sewer    | Noticed a big kobold
  1915 | Sewer    | Killed a big kobold
  1915 | Sewer    | Reached XP level 5. HP: 30/47 MP: 4/4
  2040 | Sewer    | Reached XP level 6. HP: 43/53 MP: 5/5
  2445 | D:4      | Reached skill level 5 in Fighting
  2463 | D:4      | Found a shadowy altar of Dithmenos.
  2584 | D:4      | Reached skill level 5 in Dodging
  2654 | D:4      | Noticed Grinder
  2669 | D:4      | Reached XP level 7. HP: 55/61 MP: 6/6
  2699 | D:4      | Killed Grinder
  2842 | D:4      | Found a staircase to the Ecumenical Temple.
  2872 | D:4      | Reached skill level 6 in Fighting
  2874 | D:4      | Reached skill level 5 in Maces & Flails
  2893 | Temple   | Entered the Ecumenical Temple
  2938 | Temple   | Became a worshipper of Warmaster Okawaru
  2938 | Temple   | Reached * piety under Okawaru
  2938 | Temple   | Reached ** piety under Okawaru
  3066 | D:4      | Noticed Sigmund
  3075 | D:4      | Killed Sigmund
  3075 | D:4      | Reached XP level 8. HP: 57/71 MP: 4/7
  3136 | D:5      | Entered Level 5 of the Dungeon
  3474 | D:5      | Reached skill level 7 in Fighting
  3474 | D:5      | Reached skill level 1 in Invocations
  3716 | D:5      | Gained mutation: You have a somewhat thin skeletal structure (Dex +2, Stealth). [potion of mutation]
  3716 | D:5      | Gained mutation: You are frail (-10% HP). [potion of mutation]
  3782 | D:5      | Noticed Crazy Yiuf
  3791 | D:5      | Killed Crazy Yiuf
  3964 | D:5      | Noticed Uberwunderbarhen's ghost (novice OpBe)
  4012 | D:5      | Killed Uberwunderbarhen's ghost
  4012 | D:5      | Reached *** piety under Okawaru
  4428 | D:6      | Reached skill level 8 in Fighting
  4428 | D:6      | Reached XP level 9. HP: 72/72 MP: 9/9
  4476 | D:6      | Found an opulent altar of Gozag.
  4630 | D:6      | Reached skill level 5 in Armour
  4817 | D:6      | Found a sacrificial altar of Ru.
  5039 | D:6      | Found a shimmering altar of Xom.
  5204 | D:7      | Found Dedain's Book Shoppe.
  5232 | D:7      | Reached **** piety under Okawaru
  5232 | D:7      | Reached skill level 1 in Shields
  5434 | D:7      | Found Wodyuxa's Magic Scroll Shoppe.
  5434 | D:7      | Noticed Joseph
  5444 | D:7      | Paralysed by Joseph for 5 turns
  5449 | D:7      | Killed Joseph
  5470 | D:7      | Bought a scroll of remove curse for 33 gold pieces
  5470 | D:7      | Bought a scroll of enchant armour for 82 gold pieces
  5470 | D:7      | Bought a scroll of identify for 22 gold pieces
  5847 | D:8      | Found a glowing golden altar of the Shining One.
  5877 | D:8      | Reached skill level 9 in Fighting
  5877 | D:8      | Reached XP level 10. HP: 79/81 MP: 10/10
  5942 | D:8      | Found a glowing silver altar of Zin.
  6083 | D:8      | Found a staircase to the Lair.
  6157 | D:8      | Noticed Maurice
  6185 | D:8      | Killed Maurice
  6709 | D:8      | Found an oddly glowing altar of Pakellas.
  6709 | D:8      | Noticed a wolf spider
  6722 | D:8      | Killed a wolf spider
  6922 | D:9      | Reached ***** piety under Okawaru
  7172 | D:9      | Found a sparkling altar of Nemelex Xobeh.
  7695 | Lair:1   | Entered Level 1 of the Lair of Beasts
  7700 | Lair:1   | Noticed Gagarin's ghost (novice HEAE)
  7718 | Lair:1   | Killed Gagarin's ghost
  7718 | Lair:1   | Received a gift from Okawaru
  7718 | Lair:1   | Reached skill level 5 in Shields
  7804 | Lair:1   | Noticed a spiny frog
  7814 | Lair:1   | Killed a spiny frog
  7866 | Lair:1   | Reached skill level 10 in Maces & Flails
  7976 | Lair:1   | Noticed Voda's ghost (novice OpAs)
  7986 | Lair:1   | Killed Voda's ghost
  7986 | Lair:1   | Reached XP level 11. HP: 71/89 MP: 11/11
  7994 | Lair:1   | Reached skill level 10 in Dodging
  8029 | Lair:1   | Found a frozen archway.
  8071 | Lair:1   | Received a gift from Okawaru
  8095 | IceCv    | Entered an ice cave
  8142 | IceCv    | Reached skill level 5 in Stealth
  8150 | IceCv    | Reached skill level 10 in Fighting
  8273 | IceCv    | Reached skill level 11 in Maces & Flails
  8606 | IceCv    | Lost mutation: You are frail (-10% HP). [potion of cure mutation]
  8606 | IceCv    | Lost mutation: You have a somewhat thin skeletal structure (Dex +2, Stealth). [potion of cure mutation]
  8985 | IceCv    | Noticed a death yak
  8995 | IceCv    | Received a gift from Okawaru
  8996 | IceCv    | Got a brightly glowing hunting sling {god gift}
  9028 | IceCv    | Killed a death yak
  9028 | IceCv    | Reached skill level 12 in Maces & Flails
  9031 | IceCv    | Reached skill level 1 in Bows
  9071 | IceCv    | Reached XP level 12. HP: 34/108 MP: 12/12
  9334 | IceCv    | Noticed a frost giant
  9365 | IceCv    | Killed from afar by a frost giant

Vault maps used:
D:1:      minmay_arrival_solitary_statue, minivault_23
D:2:      kiku_gazebo_pond_becter, roderic_filled_cross, amalloy_card_club
D:3:      cheibriados_altar_1, portal_sewer_entry_d
D:4:      minmay_temple_entry_purple_smoke, nicolae_dithmenos_the_darkroom,
          uniq_sigmund, uniq_grinder
D:5:      first_bread, hangedman_decor_lopped, uniq_crazy_yiuf_cottage
D:6:      corexii_shantytown, grunt_gozag_statues,
          nicolae_overflow_crystal_walls, dk_xom_monty_hall
D:7:      serial_shops, shop, nicolae_shop_trees, uniq_joseph
D:8:      old_standard_altar, overflow_temple_1_default,
          gammafunk_pakellas_cloud_experiment, dpeg_oklobed_lair,
          grunt_pizzeria, uniq_maurice
D:9:      nemelex_xobeh_ov_fountains_minmay
Temple:   circular_temple_12
Lair:1:   portal_ice_cave_entry_ice_beasts
Sewer:    sewer_co_15_rooms
IceCv:    ice_cave_caverns_01

Action                   |  1- 3 |  4- 6 |  7- 9 | 10-12 || total
-------------------------+-------+-------+-------+-------++-------
Melee: Unarmed           |    31 |       |       |       ||    31
       Dire flail        |    45 |   124 |    93 |   334 ||   596
       Flail             |       |       |   194 |   262 ||   456
 Fire: Longbow           |       |       |       |     3 ||     3
Invok: Heroism           |       |       |     3 |     7 ||    10
Evoke: Wand              |       |       |       |     4 ||     4
  Use: Scroll            |       |       |     7 |     3 ||    10
       Potion            |       |       |     6 |     8 ||    14
 Stab: Sleeping          |     2 |     1 |    11 |     3 ||    17
       Distracted        |       |       |     1 |     3 ||     4
  Eat: Chunk             |     2 |     4 |    11 |    11 ||    28
       Beef jerky        |       |       |       |     1 ||     1
